 Dungeon Crawl Stone Soup version 0.17-a0-1711-gc5340a3 (webtiles) character file.

76 kae the Slasher (level 4, -15/39 HPs)
             Began as a Minotaur Fighter on Aug 22, 2015.
             Demolished by an ogre
             ... wielding a +0 giant spiked club
              (16 damage)
             ... on level 3 of the Dungeon.
             The game lasted 00:00:44 (1267 turns).

kae the Slasher (Minotaur Fighter)                  Turns: 1267, Time: 00:00:44

Health: -15/39     AC:  6    Str: 20    XL:     4   Next: 12%
Magic:  3/3        EV:  7    Int:  6    God:
Gold:   95         SH:  9    Dex: 10    Spells: 0 memorised, 3 levels left

rFire  . . .     SeeInvis .     a - +0 long sword
rCold  . . .     Clarity  .     b - +0 scale mail
rNeg   . . .     SustAt   .     c - +0 shield
rPois  .         Gourm    .     (helmet restricted)
rElec  .         Spirit   .     (no cloak)
rCorr  .         Warding  .     (no gloves)
rMut   .         Stasis   .     (no boots)
MR     .....                    (no amulet)
Stlth  ..........               (no ring)
                                (no ring)

@: not resistant to hostile enchantments, extremely unstealthy
A: retaliatory headbutt, horns 2
a: no special abilities


You were on level 3 of the Dungeon.
You were not hungry.

You visited 1 branch of the dungeon, and saw 3 of its levels.

You collected 95 gold pieces.

Inventory:

Hand weapons
 a - a +0 long sword (weapon)
Armour
 b - a +0 scale mail (worn)
 c - a +0 shield (worn)
Scrolls
 h - a scroll of fear {unknown}
 i - 4 scrolls of remove curse {unknown}
 j - 4 scrolls of recharging {unknown}
 k - 3 scrolls of immolation {unknown}
 l - 2 scrolls of identify {unknown}
 m - a scroll of teleportation {unknown}
 n - a scroll of fog {unknown}
 p - a scroll of noise {unknown}
Potions
 d - a potion of might
 f - a potion of invisibility {unknown}
Comestibles
 e - a bread ration
 g - 2 meat rations
 o - a chunk of flesh


   Skills:
 - Level 3.6 Fighting
 + Level 5.3 Long Blades
 - Level 3.6 Armour
 - Level 3.6 Shields


You had 3 spell levels left.
You didn't know any spells.

Dungeon Overview and Level Annotations

Branches:
Dungeon (3/15)

Altars:
Fedhas
Makhleb


Innate Abilities, Weirdness & Mutations

You reflexively headbutt those who attack you in melee.
You have a pair of horns on your head.


Message History

The ogre is lightly wounded.
An ogre is nearby!
You slash the ogre! You headbutt the ogre!
The ogre is severely wounded.
The ogre hits you with a giant spiked club!!
Ouch! That really hurt!
* * * LOW HITPOINT WARNING * * *
You are too injured to fight recklessly!
You are too injured to fight recklessly!
You are too injured to fight recklessly!
You are too injured to fight recklessly!
You are too injured to fight recklessly!
You are too injured to fight recklessly!
You are too injured to fight recklessly!
You are too injured to fight recklessly!
You are too injured to fight recklessly!
You hit the ogre but do no damage.
The ogre is severely wounded.
The ogre hits you with a giant spiked club!
You die...

##.#########...##
#................
##.######.##...#
#.# #.# #
#.######.#
#........#
.....###.# ...
##.######## ..
#...@O....#
#..^......#
#.........#
#......!..#
#....[....#
#.........#
#.........#
##.########


You could see an ogre.

Vanquished Creatures
  3 adders (D:2)
  An ooze (D:1)
  A worm (D:2)
  3 giant geckos
  4 giant cockroaches
  7 goblins
  4 hobgoblins
  3 kobolds
  4 bats
  2 jackals (D:1)
  7 rats
39 creatures vanquished.

Notes
Turn   | Place    | Note
--------------------------------------------------------------
     0 | D:1      | kae the Minotaur Fighter began the quest for the Orb.
     0 | D:1      | Reached XP level 1. HP: 19/19 MP: 0/0
    73 | D:1      | Reached XP level 2. HP: 21/26 MP: 1/1
   280 | D:1      | Reached skill level 4 in Long Blades
   566 | D:2      | Reached XP level 3. HP: 22/31 MP: 2/2
   733 | D:2      | Found a blossoming altar of Fedhas.
   812 | D:2      | Reached skill level 5 in Long Blades
  1049 | D:2      | Reached XP level 4. HP: 35/39 MP: 3/3
  1084 | D:2      | Found a burning altar of Makhleb.
  1261 | D:3      | Noticed an ogre
  1266 | D:3      | HP: 1/39 [ogre/giant spiked club (28)]
  1267 | D:3      | Demolished by an ogre

Vault maps used:
D:1:      dpeg_arrival_rooms_b
D:2:      lightli_temple_of_fire, lemuel_crystal_altar
D:3:      lemuel_zombie_altar_kikubaaqudgha, due_unseen_surprise, uniq_iyjb

Action                   |  1- 3 |  4- 6 || total
-------------------------+-------+-------++-------
Melee: Long sword        |    84 |     9 ||    93
  Eat: Chunk             |       |     1 ||     1
